 Dungeon Sprint DCSS version 0.22.0-18-ge075c0d (webtiles) character file.

377415 poirepourri the Minotaur Barricade (level 27, 117/218 HPs)
             Began as a Minotaur Fighter on Aug 18, 2018.
             Was an Initiate of Gozag.
             Escaped with the Orb!
             The game lasted 00:29:55 (5335 turns).

poirepourri the Minotaur Barricade (MiFi)           Turns: 5335, Time: 00:29:55

Health: 117/218    AC: 39    Str: 27    XL:     27
Magic:  38/38      EV: 36    Int:  5    God:    Gozag
Gold:   8939       SH: 33    Dex: 38    Spells: 58/58 levels left

rFire    + + +     SeeInvis .   a - +9 war axe (flame)
rCold    + + .     Gourm    .   A - +4 large shield "Sehagir" {Dex+2}
rNeg     + + +     Faith    .   D - +10 plate armour {rPois}
rPois    +         Spirit   .   y - +1 hat of Broken Taboos {rElec rCorr}
rElec    +         Reflect  .   g - +0 cloak of Death's Door {rN+}
rCorr    +         Harm     .   v - +0 pair of gloves of Beauty {*Drain Dex+4 Stlth+}
MR       ++...     Rnd*Rage +   s - +2 pair of boots of Filth {rPois} Stlth ..........NoTele +
                                d - amulet of Cofycsukh {RegenMP Dex+6}
HPRegen  0.46/turn              q - ring of the Heavens {rF++ rN++ AC+4}
MPRegen  0.51/turn              K - ring "Misosch" {rCorr rC+ Str+2}

@: agile, berserk cooldown, hasted and slowed, studying Conjurations
A: retaliatory headbutt, horns 2, talons 1, slimy green scales 1, berserk 2,
cold resistance 1, deformed body, deterioration 1, fire resistance 1, frail 2,
low mp 1, strong 1
0: Orb of Zot
}: 5/15 runes: serpentine, slimy, elven, silver, gossamer
a: Potion Petition, Call Merchant, Bribe Branch, Renounce Religion


You escaped.
You worshipped Gozag.
Gozag was greatly pleased with you.
You were not hungry.

You visited 1 branch You collected 40845 gold pieces.
You spent 14641 gold pieces at shops.
You paid 17265 gold pieces to Gozag.

Inventory:

Hand Weapons
 a - a +9 war axe of flaming (weapon)
 b - a +9 war axe of freezing
 n - a +1 broad axe of electrocution
Missiles
 t - 4 tomahawks (quivered)
 B - 4 javelins of penetration
 I - 17 bolts
 M - 33 javelins
Armour
 g - the +0 cloak of Death's Door (worn) {rN+}
   (You bought it in a shop in the Dungeon)

   It protects you from negative energy.
 s - the +2 pair of boots of Filth (worn) {rPois}
   (You bought it in a shop in the Dungeon)

   It protects you from poison.
 v - the +0 pair of gloves of Beauty (worn) {*Drain Dex+4 Stlth+}
   (You bought it in a shop in the Dungeon)

   It affects your dexterity (+4).
   It causes draining when unequipped.
   It makes you more stealthy.
 y - the +1 hat of Broken Taboos (worn) {rElec rCorr}
   (You bought it in a shop in the Dungeon)

   It insulates you from electricity.
   It provides partial protection from all sources of acid and corrosion.
 A - the +4 large shield "Sehagir" (worn) {Dex+2}
   (You bought it in a shop in the Dungeon)

   It affects your dexterity (+2).
 D - a +10 plate armour of poison resistance (worn)
 E - a +3 chain mail of fire resistance
Jewellery
 d - the amulet of Cofycsukh (around neck) {RegenMP Dex+6}
   (You bought it in a shop in the Dungeon)

   [amulet of magic regeneration]

   It increases your magic regeneration.
   It affects your dexterity (+6).
 p - the amulet "Foseijeu" {rPois rC+++ Regen+ Str-4}
   (You bought it in a shop in the Dungeon)

   [amulet of regeneration]

   It affects your strength (-4).
   It renders you almost immune to cold.
   It protects you from poison.
   It increases your rate of regeneration.
 q - the ring of the Heavens (left hand) {rF++ rN++ AC+4}
   (You bought it in a shop in the Dungeon)

   [ring of protection]

   It affects your AC (+4).
   It greatly protects you from fire.
   It greatly protects you from negative energy.
 r - the ring of Limenaoc {rPois rF++ MR+}
   (You bought it in a shop in the Dungeon)

   [ring of poison resistance]

   It greatly protects you from fire.
   It protects you from poison.
   It affects your resistance to hostile enchantments.
 K - the ring "Misosch" (right hand) {rCorr rC+ Str+2}
   (You bought it in a shop in the Dungeon)

   [ring of resist corrosion]

   It affects your strength (+2).
   It protects you from cold.
 P - the ring "Utwaf" {*Slow rElec rF+ Int+3}
   (You bought it in a shop in the Dungeon)

   [ring of protection from fire]

   It affects your intelligence (+3).
   It protects you from fire.
   It insulates you from electricity.
   It may slow you when you take damage.
Wands
 m - a wand of acid (4)
 u - a wand of scattershot (5)
 w - a wand of polymorph (13)
 H - a wand of clouds (3)
Scrolls
 k - 9 scrolls of blinking
 o - 3 scrolls of fog
 F - 2 scrolls of identify
 G - 14 scrolls of remove curse
Potions
 c - 34 potions of heal wounds
 e - 20 potions of curing
 h - 4 potions of haste
 i - 3 potions of magic
 j - a potion of berserk rage
 l - a potion of resistance
 x - 4 potions of might
 z - 5 potions of agility
 J - a potion of degeneration {unknown}
Books
 C - a manual of Conjurations
Comestibles
 f - 4 rations


   Skills:
 O Level 27 Fighting
 - Level 21.7 Axes
 - Level 21.2 Armour
 - Level 21.3 Dodging
 O Level 27 Shields
 + Level 16.3 Spellcasting
 - Level 24.0 Evocations


You had 58 spell levels left.
You didn't know any spells.
Your spell library was empty.

Dungeon Overview and Level Annotations

Branches:
Dungeon (1/1)

Altars:
Cheibriados
Dithmenos
Fedhas
Gozag
Kikubaaqudgha
Makhleb
Okawaru
Qazlal
Ru
Sif Muna
Trog
Uskayaw
Vehumet
Wu Jian
Xom
Yredelemnul
Zin
The Shining One
Beogh
Jiyva
Lugonu

Shops:
D [%??*?*[:[(!(([(!!


Innate Abilities, Weirdness & Mutations

You reflexively headbutt those who attack you in melee.
You have a pair of horns on your head.
You have sharp toenails.
You are partially covered in slimy green scales. (AC +2)
You often lose your temper in combat.
Your flesh is cold resistant. (rC+)
Armour fits poorly on your strangely shaped body.
Your body sometimes deteriorates upon taking damage.
Your flesh is heat resistant. (rF+)
You are very frail. (-20% HP)
Your magical capacity is low. (-10% MP)
Your muscles are strong. (Str +2)


Message History

Unknown command.
Unknown command.
Evoke which item? (* to show all) (? for menu, Esc to quit)
Okay, then.
You slash the ancient lich! You burn the ancient lich.
The ancient lich is lightly damaged.
You slice the ancient lich!! You burn the ancient lich.
You completely miss the Orb Guardian.
Time's up!
The arena falls silent.
The Orb of Zot has appeared in the centre of the arena!
You lost your score multiplier.
You now have 75483 arena points (gained 459).
You now have 8939 gold pieces (gained 270).
There is a staircase leading out of the dungeon here.
You see here the Orb of Zot.
You pick up the Orb of Zot!
The Orb lets out a hideous shriek!
The lords of Pandemonium are not amused.
Beware!
Now all you have to do is get back out of the dungeon!
You have escaped!

#_..(...._# ###.)((.)(..###
#⌠....)(..[([[#
######.8[)((.(())8(######
##∩.__....((..#[..([(___∩##
###∩.......(8(..#.8.([([(..∩###
##.[.......[[.§§.#.)∩[.)([(..[.##
#⌠.......[..###§§§###∩(.(((([..⌠#
#⌠..........# #§@.# #[...(((...(#
#⌠......()..###§[.###∩..((...(((#
##.[...........###..∩[.(..(((((##
###∩........8.# #.8..(..(..(###
##∩___....))###[..((.___∩##
######.8)..∩...[.8)######
#⌠..[(.([()(()# ###..(.(..((###
#_..([..(_#


There were no monsters in sight!

Vanquished Creatures
  Mara (D)
  Tiamat (D)
  3 orbs of fire (D)
  A deep elf elementalist (D)
  A great orb of eyes (D)
  A golden dragon (D)
  8 Orb Guardians (D)
  5 titans (D)
  4 acid blobs (D)
  A thorn hunter (D)
  3 death cobs (D)
  Donald (D)
  An azure jelly (D)
  A frost giant (D)
  Louise (D)
  An orc warlord (D)
  6 fire giants (D)
  5 stone giants (D)
  A deep elf annihilator (D)
  A wolf spider (D)
  An anaconda (D)
  A dire elephant (D)
  3 merfolk javelineers (D)
  A deep elf death mage (D)
  2 green deaths (D)
  4 merfolk impalers (D)
  A deep elf high priest (D)
  6 vault guards (D)
  An ogre mage (D)
  7 centaur warriors (D)
  3 satyrs (D)
  2 death knights (D)
  A merfolk aquamancer (D)
  A death yak (D)
  Urug (D)
  A spriggan berserker (D)
  A deep elf knight (D)
  17 skeletal warriors (D)
  9 deep trolls (D)
  2 iron trolls (D)
  A death drake (D)
  A flayed ghost (D)
  A phantasmal warrior (D)
  4 deep elf magi (D)
  9 harpies (D)
  An oklob plant (D)
  A manticore (D)
  3 orc knights (D)
  An ugly thing (D)
  An orc sorcerer (D)
  2 shining eyes (D)
  3 moths of wrath (D)
  A black mamba (D)
  3 spiny frogs (D)
  4 queen bees (D)
  A polar bear (D)
  9 trolls (D)
  2 hornets (D)
  2 wind drakes (D)
  3 slime creatures (D)
  A hippogriff (D)
  3 air elementals (D)
  A redback (D)
  A spriggan (D)
  6 wraiths (D)
  A water elemental (D)
  A fire elemental (D)
  10 neqoxecs (D)
  A steam dragon (D)
  7 hungry ghosts (D)
  A water moccasin (D)
  2 floating eyes (D)
  An orc warrior (D)
  A black bear (D)
  An eye of draining (D)
  A wolf (D)
  A boggart (D)
  10 centaurs (D)
  An ogre (D)
  A crocodile (D)
  Blork the orc (D)
  A bullfrog (D)
  An earth elemental (D)
  A scorpion (D)
  5 killer bees (D)
  3 jellies (D)
  3 orc priests (D)
  An iguana (D)
  A worm (D)
  4 orcs (D)
  2 bat zombies (D)
  3 giant cockroaches (D)
  A jackal (D)
  A quokka (D)
  7 briar patches (D)
  A butterfly (D)
253 creatures vanquished.

Vanquished Creatures (others)
  A fire giant (D)
  20 dancing weapons (D)
21 creatures vanquished.

Grand Total: 274 creatures vanquished

Notes
Turn   | Place    | Note
-------+----------+-------------------------------------------
     0 | D        | poirepourri the Minotaur Fighter began the quest for the Orb.
     0 | D        | Reached XP level 1. HP: 19/19 MP: 0/0
     3 | D        | Found a bloodstained altar of Trog.
     3 | D        | Found an opulent altar of Gozag.
     4 | D        | Found a shadowy altar of Dithmenos.
     4 | D        | Found a blossoming altar of Fedhas.
     5 | D        | Found a stormy altar of Qazlal.
     5 | D        | Round 1.
     6 | D        | Found Gaonyd's Delicious Food.
     6 | D        | Found an ancient bone altar of Kikubaaqudgha.
     6 | D        | Found a glowing silver altar of Zin.
     6 | D        | Found Hubaniess's Identification Station.
     7 | D        | Found Juzung's Jewellery.
     7 | D        | Found Nalo's Advanced Armour.
    17 | D        | Bought a slimy jade amulet for 45 gold pieces
    17 | D        | Bought a steaming tin ring for 45 gold pieces
    17 | D        | Bought a vibrating copper ring for 45 gold pieces
    17 | D        | Identified the ring of the Heavens {rF++ rN++ AC+4} (You bought it in a shop in the Dungeon)
    18 | D        | Identified the ring of Limenaoc {rPois rF++ MR+} (You bought it in a shop in the Dungeon)
    19 | D        | Identified the amulet "Foseijeu" {rPois rC+++ Regen+ Str-4} (You bought it in a shop in the Dungeon)
    20 | D        | Bought a clouded brass amulet for 45 gold pieces
    21 | D        | Identified the amulet "Sixtim" {Gourm Int+6 SInv} (You bought it in a shop in the Dungeon)
    28 | D        | Found a viscous altar of Jiyva.
    28 | D        | Found Hafipt's Magic Scroll Shop.
    28 | D        | Found Doushrir's Magic Scroll Shop.
    29 | D        | Found Teklaopazu's Must-Have Magic.
    31 | D        | Became a worshipper of Gozag Ym Sagoz the Greedy
    32 | D        | Found an iron altar of Okawaru.
    32 | D        | Found a burning altar of Makhleb.
    32 | D        | Found a corrupted altar of Lugonu.
    32 | D        | Found Uturatak's Staff Store.
    36 | D        | Found a deep blue altar of Sif Muna.
    37 | D        | Found a snail-covered altar of Cheibriados.
    42 | D        | Found an ornate altar of the Wu Jian Council.
    43 | D        | Found Osyfriga's Distillery.
    44 | D        | Found Mirras's Distillery.
    44 | D        | Found Casohapa's Bottled Wisdom.
    55 | D        | Found Wianliuc's Do-It-Yourself Clinic.
    55 | D        | Found a basalt altar of Yredelemnul.
    55 | D        | Found a sacrificial altar of Ru.
    55 | D        | Found a roughly hewn altar of Beogh.
    64 | D        | Found a shimmering altar of Xom.
    74 | D        | Reached skill level 5 in Axes
    76 | D        | Reached XP level 2. HP: 12/26 MP: 1/1
    90 | D        | Noticed Blork the orc
   100 | D        | Killed Blork the orc
   100 | D        | Arena points: 12 (+12) [x2]
   100 | D        | Reached skill level 10 in Axes
   100 | D        | Reached XP level 3. HP: 31/31 MP: 2/2
   100 | D        | Reached XP level 4. HP: 39/39 MP: 3/3
   121 | D        | Found a glowing golden altar of the Shining One.
   124 | D        | Found Mogiss's Premium Goods.
   125 | D        | Found a hide-covered altar of Uskayaw.
   125 | D        | Found a radiant altar of Vehumet.
   125 | D        | Found Pivout's Weapon Rack.
   125 | D        | Found Ceolew's Miscellaneous Merchandise.
   125 | D        | Found Feowemy's Basic Armour.
   167 | D        | Round 2.
   309 | D        | Bought a fine ivory amulet for 45 gold pieces
   310 | D        | Identified the amulet of Cofycsukh {RegenMP Dex+6} (You bought it in a shop in the Dungeon)
   322 | D        | Arena points: 48 (+36) [x3]
   322 | D        | Reached XP level 5. HP: 45/45 MP: 4/4
   365 | D        | Round 3.
   489 | D        | Noticed a centaur
   496 | D        | Killed a centaur
   496 | D        | Arena points: 132 (+84) [x4]
   518 | D        | Bought a pair of encrusted boots for 332 gold pieces
   518 | D        | Bought a pair of spiked gloves for 332 gold pieces
   523 | D        | Identified the +1 pair of gloves "Bajytuss" {+Fly rElec rF- Str-5} (You bought it in a shop in the Dungeon)
   528 | D        | Identified the +2 pair of boots of Filth {rPois} (You bought it in a shop in the Dungeon)
   528 | D        | Bought a pair of steaming gloves for 332 gold pieces
   538 | D        | Identified the +0 pair of gloves of Beauty {*Drain Dex+4 Stlth+} (You bought it in a shop in the Dungeon)
   562 | D        | Round 4.
   563 | D        | Noticed a floating eye
   568 | D        | Killed a floating eye
   568 | D        | Reached skill level 15 in Axes
   568 | D        | Reached XP level 6. HP: 51/51 MP: 5/5
   569 | D        | Noticed a floating eye
   578 | D        | Paralysed by a floating eye for 2 turns
   582 | D        | Killed a floating eye
   620 | D        | Reached XP level 7. HP: 56/57 MP: 6/6
   704 | D        | Noticed a shining eye
   710 | D        | Gained mutation: You are clumsy. (Dex -2) [a shining eye]
   712 | D        | Killed a shining eye
   712 | D        | Arena points: 272 (+140) [x5]
   740 | D        | Bought a potion of mutation for 56 gold pieces
   740 | D        | Lost mutation: You are clumsy. (Dex -2) [potion of mutation]
   740 | D        | Gained mutation: Your mind is acute. (Int +2) [potion of mutation]
   740 | D        | Gained mutation: You are partially covered in thin metallic scales. (AC +2) [potion of mutation]
   770 | D        | Round 5.
   771 | D        | Noticed a giant anaconda
   790 | D        | Killed a giant anaconda
   790 | D        | Arena points: 552 (+280) [x7]
   790 | D        | Reached XP level 8. HP: 64/64 MP: 7/7
   794 | D        | Got a serpentine rune of Zot
   799 | D        | Reached XP level 9. HP: 60/82 MP: 8/8
   805 | D        | Bought a faintly glowing shield for 332 gold pieces
   815 | D        | Identified the cursed +0 shield of Werodepnyc {Int+3} (You bought it in a shop in the Dungeon)
   831 | D        | Bought a scroll of brand weapon for 200 gold pieces
   992 | D        | Round 6.
  1036 | D        | Reached skill level 10 in Fighting
  1036 | D        | Reached XP level 10. HP: 90/94 MP: 9/9
  1069 | D        | Noticed a phantasmal warrior
  1087 | D        | Killed a phantasmal warrior
  1172 | D        | Noticed a phantasmal warrior
  1178 | D        | Arena points: 600 (+48) [x1]
  1193 | D        | Round 7.
  1193 | D        | Noticed a deep troll
  1201 | D        | Killed a deep troll
  1201 | D        | Reached skill level 15 in Fighting
  1215 | D        | Noticed a deep troll
  1223 | D        | Bought 6 potions of might for 168 gold pieces
  1223 | D        | Bought 6 potions of agility for 168 gold pieces
  1228 | D        | Killed a deep troll
  1297 | D        | Bought 8 scrolls of enchant weapon for 600 gold pieces
  1331 | D        | Bought 2 rations for 40 gold pieces
  1331 | D        | Bought 2 rations for 40 gold pieces
  1331 | D        | Bought 2 rations for 40 gold pieces
  1331 | D        | Bought 2 rations for 40 gold pieces
  1355 | D        | Arena points: 740 (+140) [x2]
  1372 | D        | Round 8.
  1380 | D        | Noticed a spiny frog
  1382 | D        | Noticed a black mamba
  1384 | D        | Noticed a spiny frog
  1385 | D        | Killed a spiny frog
  1385 | D        | Reached XP level 11. HP: 64/121 MP: 10/10
  1409 | D        | Arena points: 980 (+240) [x3]
  1447 | D        | Bought a polished cloak for 332 gold pieces
  1447 | D        | Bought a heavily runed hat for 315 gold pieces
  1452 | D        | Identified the cursed +0 cloak of Death's Door {rN+} (You bought it in a shop in the Dungeon)
  1454 | D        | Round 9.
  1457 | D        | Identified the +1 hat of Broken Taboos {rElec rCorr} (You bought it in a shop in the Dungeon)
  1524 | D        | Noticed a deep elf mage
  1532 | D        | Killed a deep elf mage
  1565 | D        | Noticed a deep elf knight
  1575 | D        | Killed a deep elf knight
  1586 | D        | Noticed a deep elf annihilator
  1599 | D        | Killed a deep elf annihilator
  1599 | D        | Reached skill level 10 in Shields
  1602 | D        | Noticed a deep elf mage
  1609 | D        | Killed a deep elf mage
  1609 | D        | Arena points: 1304 (+324) [x4]
  1632 | D        | Bought 3 potions of heal wounds for 105 gold pieces
  1632 | D        | Bought 3 potions of heal wounds for 105 gold pieces
  1632 | D        | Bought 3 potions of heal wounds for 105 gold pieces
  1632 | D        | Bought 3 potions of heal wounds for 105 gold pieces
  1632 | D        | Bought 4 potions of curing for 84 gold pieces
  1632 | D        | Bought 4 potions of curing for 84 gold pieces
  1656 | D        | Bought a fine large shield for 332 gold pieces
  1660 | D        | Round 10.
  1660 | D        | Noticed a dire wolf spider
  1679 | D        | Killed a dire wolf spider
  1679 | D        | Arena points: 1844 (+540) [x6]
  1683 | D        | Got a gossamer rune of Zot
  1684 | D        | Reached XP level 12. HP: 48/136 MP: 11/11
  1879 | D        | Round 11.
  1917 | D        | Noticed an ogre mage
  1925 | D        | Killed an ogre mage
  1925 | D        | Reached skill level 15 in Shields
  1939 | D        | Noticed a centaur warrior
  1940 | D        | Noticed Donald
  1954 | D        | Killed a centaur warrior
  1962 | D        | Killed Donald
  1962 | D        | Reached XP level 13. HP: 80/143 MP: 12/12
  1970 | D        | Noticed Louise
  1994 | D        | Killed Louise
  1994 | D        | Arena points: 2537 (+693) [x7]
  2029 | D        | Bought 3 scrolls of identify for 150 gold pieces
  2031 | D        | Identified the +4 large shield "Sehagir" {Dex+2} (You bought it in a shop in the Dungeon)
  2053 | D        | Round 12.
  2065 | D        | Reached skill level 5 in Armour
  2094 | D        | Arena points: 3497 (+960) [x8]
  2133 | D        | Round 13.
  2183 | D        | Reached skill level 10 in Armour
  2207 | D        | Noticed Urug
  2216 | D        | Killed Urug
  2254 | D        | Bought 3 scrolls of identify for 150 gold pieces
  2270 | D        | Noticed an orc warlord
  2286 | D        | Killed an orc warlord
  2288 | D        | Arena points: 4784 (+1287) [x9]
  2305 | D        | Bought 8 scrolls of enchant weapon for 600 gold pieces
  2317 | D        | Bought 4 scrolls of enchant armour for 300 gold pieces
  2321 | D        | Bought 4 scrolls of enchant armour for 300 gold pieces
  2325 | D        | Bought 3 scrolls of blinking for 225 gold pieces
  2325 | D        | Bought 4 scrolls of blinking for 300 gold pieces
  2345 | D        | Round 14.
  2445 | D        | Reached skill level 5 in Dodging
  2480 | D        | Reached skill level 10 in Dodging
  2483 | D        | Arena points: 6464 (+1680) [x10]
  2547 | D        | Round 15.
  2660 | D        | Noticed a deep elf elementalist
  2690 | D        | Killed a deep elf elementalist
  2690 | D        | Arena points: 8444 (+1980) [x12]
  2694 | D        | Got an elven rune of Zot
  2711 | D        | Reached XP level 14. HP: 76/151 MP: 13/13
  2876 | D        | Round 16.
  2922 | D        | Reached XP level 15. HP: 156/158 MP: 14/14
  3042 | D        | Arena points: 11564 (+3120) [x13]
  3069 | D        | Round 17.
  3070 | D        | Noticed a death cob
  3080 | D        | Killed a death cob
  3128 | D        | Noticed a death cob
  3141 | D        | Killed a death cob
  3198 | D        | Noticed a death cob
  3206 | D        | Killed a death cob
  3236 | D        | Arena points: 14182 (+2618) [x14]
  3290 | D        | Round 18.
  3305 | D        | Bought 3 potions of heal wounds for 105 gold pieces
  3305 | D        | Bought 3 potions of heal wounds for 105 gold pieces
  3305 | D        | Bought 3 potions of heal wounds for 105 gold pieces
  3305 | D        | Bought 3 potions of heal wounds for 105 gold pieces
  3305 | D        | Bought 4 potions of curing for 84 gold pieces
  3305 | D        | Bought 4 potions of curing for 84 gold pieces
  3305 | D        | Bought 4 potions of curing for 84 gold pieces
  3305 | D        | Bought 3 potions of heal wounds for 105 gold pieces
  3305 | D        | Bought 3 potions of heal wounds for 105 gold pieces
  3305 | D        | Bought 3 potions of heal wounds for 105 gold pieces
  3305 | D        | Bought 3 potions of heal wounds for 105 gold pieces
  3452 | D        | Arena points: 18772 (+4590) [x15]
  3511 | D        | Round 19.
  3621 | D        | Reached skill level 27 in Shields
  3627 | D        | Noticed a thorn hunter
  3652 | D        | Killed a thorn hunter
  3652 | D        | Arena points: 23332 (+4560) [x16]
  3669 | D        | Round 20.
  3674 | D        | Bought 15 scrolls of remove curse for 450 gold pieces
  3702 | D        | Bought a scintillating wooden ring for 45 gold pieces
  3702 | D        | Bought a pitted steel ring for 45 gold pieces
  3702 | D        | Bought a pitted glass ring for 45 gold pieces
  3702 | D        | Bought a fine glass ring for 45 gold pieces
  3702 | D        | Bought a bound silver ring for 45 gold pieces
  3702 | D        | Bought a heavily runed marble ring for 45 gold pieces
  3702 | D        | Bought a translucent glass ring for 45 gold pieces
  3702 | D        | Bought a fine granite ring for 45 gold pieces
  3702 | D        | Bought a smoking golden ring for 45 gold pieces
  3702 | D        | Bought a clouded marble ring for 45 gold pieces
  3702 | D        | Bought a clouded amber ring for 45 gold pieces
  3702 | D        | Bought a pitted ivory ring for 45 gold pieces
  3712 | D        | Bought 3 scrolls of identify for 150 gold pieces
  3712 | D        | Bought 3 scrolls of identify for 150 gold pieces
  3712 | D        | Bought 3 scrolls of identify for 150 gold pieces
  3712 | D        | Bought 3 scrolls of identify for 150 gold pieces
  3712 | D        | Bought 3 scrolls of identify for 150 gold pieces
  3712 | D        | Bought 3 scrolls of identify for 150 gold pieces
  3714 | D        | Identified the ring of Qupal {Str+3 Dex+2 Stlth-} (You bought it in a shop in the Dungeon)
  3715 | D        | Identified the ring of Wu Jian's Benevolence {-Tele +Inv rF+ rC++ rN+} (You bought it in a shop in the Dungeon)
  3716 | D        | Identified the ring "Misosch" {rCorr rC+ Str+2} (You bought it in a shop in the Dungeon)
  3717 | D        | Identified the ring "Ogavix" {rPois rN+ SInv} (You bought it in a shop in the Dungeon)
  3718 | D        | Identified the ring of Yhed {rPois rN+} (You bought it in a shop in the Dungeon)
  3719 | D        | Identified the ring "Jiobbel" {rPois rC+} (You bought it in a shop in the Dungeon)
  3720 | D        | Identified the ring "Cunouvvo" {rF+++ rC++ MR+ Str-5 Stlth+} (You bought it in a shop in the Dungeon)
  3721 | D        | Identified the ring "Utwaf" {*Slow rElec rF+ Int+3} (You bought it in a shop in the Dungeon)
  3722 | D        | Identified the cursed ring of Betun {MR+ Str-2 Dex+2 Slay+2} (You bought it in a shop in the Dungeon)
  3723 | D        | Identified the ring of Jealousy {rF+ MR+ Str-2 Dex+4} (You bought it in a shop in the Dungeon)
  3724 | D        | Identified the ring "Cahucewn" {rC+ rN+ MR+ Int+3} (You bought it in a shop in the Dungeon)
  3725 | D        | Identified the ring of Bolunuvie {MR++ Int+2} (You bought it in a shop in the Dungeon)
  3743 | D        | Noticed an acid blob
  3744 | D        | Noticed an acid blob
  3745 | D        | Noticed an acid blob
  3755 | D        | Killed an acid blob
  3755 | D        | Gained mutation: Potions are less effective at restoring your health. [a shining eye]
  3756 | D        | Killed an acid blob
  3756 | D        | Killed an acid blob
  3785 | D        | Noticed an acid blob
  3786 | D        | Noticed an azure jelly
  3791 | D        | Killed an acid blob
  3798 | D        | Killed an azure jelly
  3861 | D        | Arena points: 27652 (+4320) [x18]
  3861 | D        | Reached XP level 16. HP: 54/167 MP: 13/15
  3865 | D        | Got a slimy rune of Zot
  3867 | D        | Reached XP level 17. HP: 59/173 MP: 15/18
  3882 | D        | Bought a brightly glowing ring mail for 324 gold pieces
  3882 | D        | Bought a glowing scarf for 288 gold pieces
  3882 | D        | Bought a dazzling cloak for 342 gold pieces
  3882 | D        | Identified the +1 cloak of Jigsaw {rC+ Int+5 Dex-4} (You bought it in a shop in the Dungeon)
  3883 | D        | Identified the +0 ring mail of Purph {rElec Regen+} (You bought it in a shop in the Dungeon)
  3988 | D        | Bought a potion of heal wounds for 35 gold pieces
  3988 | D        | Bought 2 potions of mutation for 112 gold pieces
  3988 | D        | Lost mutation: Your mind is acute. (Int +2) [potion of mutation]
  3988 | D        | Lost mutation: Potions are less effective at restoring your health. [potion of mutation]
  3988 | D        | Gained mutation: Your muscles are strong. (Str +2) [potion of mutation]
  3988 | D        | Gained mutation: Your body sometimes deteriorates upon taking damage. [potion of mutation]
  3988 | D        | Gained mutation: You possess an exceptional clarity of mind. [potion of mutation]
  3989 | D        | Lost mutation: Your muscles are strong. (Str +2) [potion of mutation]
  3989 | D        | Lost mutation: Your body sometimes deteriorates upon taking damage. [potion of mutation]
  3989 | D        | Lost mutation: You possess an exceptional clarity of mind. [potion of mutation]
  3989 | D        | Lost mutation: You are partially covered in thin metallic scales. (AC +2) [potion of mutation]
  3989 | D        | Gained mutation: You are partially covered in slimy green scales. (AC +2) [potion of mutation]
  3989 | D        | Gained mutation: Your flesh is heat resistant. (rF+) [potion of mutation]
  4063 | D        | Round 21.
  4074 | D        | Reached skill level 15 in Armour
  4126 | D        | Arena points: 35233 (+7581) [x19]
  4172 | D        | Round 22.
  4276 | D        | Reached skill level 5 in Evocations
  4359 | D        | Arena points: 43153 (+7920) [x20]
  4389 | D        | Round 23.
  4390 | D        | Bought an ancient chain mail for 361 gold pieces
  4390 | D        | Bought a runed shield for 285 gold pieces
  4392 | D        | Bought a potion of heal wounds for 95 gold pieces
  4392 | D        | Bought a potion of heal wounds for 95 gold pieces
  4392 | D        | Bought a potion of curing for 57 gold pieces
  4395 | D        | Gained mutation: You tend to lose your temper in combat. [a neqoxec]
  4397 | D        | Lost intelligence.
  4403 | D        | Gained mutation: You often lose your temper in combat. [a neqoxec]
  4407 | D        | Reached skill level 10 in Evocations
  4423 | D        | Gained mutation: Your magical capacity is low. (-10% MP) [a neqoxec]
  4432 | D        | Gained mutation: You are clumsy. (Dex -2) [a neqoxec]
  4436 | D        | Gained mutation: Armour fits poorly on your strangely shaped body. [a neqoxec]
  4441 | D        | Gained mutation: Your magical capacity is very low. (-20% MP) [a neqoxec]
  4442 | D        | Arena points: 48466 (+5313) [x21]
  4452 | D        | Round 24.
  4453 | D        | Bought 3 potions of mutation for 168 gold pieces
  4453 | D        | Lost mutation: Your flesh is heat resistant. (rF+) [potion of mutation]
  4453 | D        | Lost mutation: You are clumsy. (Dex -2) [potion of mutation]
  4453 | D        | Gained mutation: You are robust. (+10% HP) [potion of mutation]
  4453 | D        | Gained mutation: You have sharp toenails. [potion of mutation]
  4454 | D        | Lost mutation: Your magical capacity is very low. (-20% MP) [potion of mutation]
  4454 | D        | Lost mutation: Your magical capacity is low. (-10% MP) [potion of mutation]
  4454 | D        | Gained mutation: Your flesh is heat resistant. (rF+) [potion of mutation]
  4454 | D        | Gained mutation: Your flesh is cold resistant. (rC+) [potion of mutation]
  4455 | D        | Lost mutation: Armour fits poorly on your strangely shaped body. [potion of mutation]
  4455 | D        | Lost mutation: You often lose your temper in combat. [potion of mutation]
  4455 | D        | Lost mutation: You are robust. (+10% HP) [potion of mutation]
  4455 | D        | Lost mutation: You tend to lose your temper in combat. [potion of mutation]
  4455 | D        | Gained mutation: Your muscles are strong. (Str +2) [potion of mutation]
  4505 | D        | Arena points: 54274 (+5808) [x22]
  4520 | D        | Round 25.
  4609 | D        | Noticed Mara
  4610 | D        | Reached skill level 15 in Evocations
  4632 | D        | Noticed poirepourri's illusion
  4677 | D        | Killed Mara
  4677 | D        | Arena points: 62674 (+8400) [x24]
  4685 | D        | Got a silver rune of Zot
  4699 | D        | Identified the cursed +0 chain mail "Ejocsuk" {rElec} (You bought it in a shop in the Dungeon)
  4888 | D        | Round 26.
  4924 | D        | Noticed a titan
  4942 | D        | Killed a titan
  4949 | D        | Reached XP level 18. HP: 108/182 MP: 31/31
  5064 | D        | Arena points: 75024 (+12350) [x25]
  5086 | D        | Reached XP level 19. HP: 104/189 MP: 33/33
  5117 | D        | Round 27.
  5127 | D        | Bought 3 potions of experience for 900 gold pieces
  5127 | D        | Bought 3 potions of experience for 900 gold pieces
  5127 | D        | Bought 2 potions of experience for 600 gold pieces
  5127 | D        | Bought a potion of experience for 300 gold pieces
  5127 | D        | Bought a potion of experience for 300 gold pieces
  5127 | D        | Reached XP level 20. HP: 124/199 MP: 34/34
  5128 | D        | Reached XP level 21. HP: 129/206 MP: 34/36
  5129 | D        | Reached XP level 22. HP: 135/215 MP: 34/37
  5130 | D        | Reached XP level 23. HP: 142/225 MP: 35/38
  5131 | D        | Reached XP level 24. HP: 149/235 MP: 35/38
  5132 | D        | Reached XP level 25. HP: 154/243 MP: 36/38
  5133 | D        | Reached XP level 26. HP: 162/254 MP: 36/38
  5134 | D        | Reached XP level 27. HP: 168/262 MP: 37/38
  5159 | D        | Noticed Tiamat
  5202 | D        | Killed Tiamat
  5202 | D        | Reached skill level 27 in Fighting
  5238 | D        | Noticed an orb of fire
  5243 | D        | Gained mutation: Your body sometimes deteriorates upon taking damage. [an orb of fire]
  5248 | D        | Killed an orb of fire
  5248 | D        | Reached skill level 10 in Spellcasting
  5252 | D        | Noticed an orb of fire
  5261 | D        | Gained mutation: You are frail. (-10% HP) [an orb of fire]
  5261 | D        | Gained mutation: You tend to lose your temper in combat. [an orb of fire]
  5264 | D        | Gained mutation: You are very frail. (-20% HP) [an orb of fire]
  5268 | D        | Noticed an orb of fire
  5273 | D        | Gained mutation: Your magical capacity is low. (-10% MP) [an orb of fire]
  5279 | D        | Gained mutation: You often lose your temper in combat. [an orb of fire]
  5282 | D        | Gained mutation: Armour fits poorly on your strangely shaped body. [an orb of fire]
  5286 | D        | Killed an orb of fire
  5289 | D        | Reached skill level 15 in Spellcasting
  5302 | D        | Killed an orb of fire
  5316 | D        | Noticed an ancient lich
  5319 | D        | Noticed an ancient lich
  5329 | D        | Arena points: 75483 (+459) [x1]
  5333 | D        | Got the Orb of Zot
  5335 | D        | Escaped with the Orb!

Skill      XL: |  1  2  3  4  5  6  7  8  9 10 11 12 13 14 15 16 17 18 19 20 21 22 23 24 25 26 27 |
---------------+----------------------------------------------------------------------------------+-----
Axes           | 5 10 11 15 16 21 | 21.7
Fighting       | 8 10 18 21 22 23 24 27 | 27.0
Shields        | 13 17 18 19 27 | 27.0
Armour         | 14 21 | 21.2
Dodging        | 16 21 | 21.3
Evocations     | 3 20 23 24 | 24.0
Spellcasting   | 16 | 16.3

Action                   |  1- 3 |  4- 6 |  7- 9 | 10-12 | 13-15 | 16-18 | 19-21 | 22-24 | 25-27 || total
-------------------------+-------+-------+-------+-------+-------+-------+-------+-------+-------++-------
Melee: War axe           |    18 |    35 |    32 |   157 |   375 |   249 |       |       |   100 ||   966
       Headbutt          |     3 |     8 |    10 |    55 |   143 |   155 |       |       |    49 ||   423
       Broad axe         |       |       |       |       |       |   123 |       |       |       ||   123
Invok: Potion Petition   |       |       |     1 |     5 |    10 |     9 |       |       |     3 ||    28
       Call Merchant     |       |       |       |       |       |     5 |       |       |       ||     5
Evoke: Wand              |       |       |       |     1 |     8 |       |       |       |       ||     9
  Use: Potion            |     2 |       |     2 |     7 |     3 |     9 |     3 |     3 |     7 ||    36
       Scroll            |       |       |     1 |     8 |    36 |     5 |       |       |       ||    50
 Stab: Invisible         |       |       |     2 |     2 |     6 |     8 |       |       |       ||    18
       Distracted        |       |       |       |     2 |     8 |     5 |       |       |     6 ||    21
       Confused          |       |       |       |       |     4 |       |       |       |       ||     4
  Eat: Ration            |       |       |       |     3 |     2 |       |       |       |       ||     5
Armor: Scale mail        |     8 |    12 |     8 |    46 |     3 |       |       |       |       ||    77
       Plate armour      |       |       |       |       |   143 |    37 |       |       |    16 ||   196
Dodge: Dodged            |     2 |    11 |     7 |    44 |   110 |    92 |       |       |    23 ||   289
Block: Shield            |    12 |    12 |    14 |    63 |   227 |       |       |       |       ||   328
       Large shield      |       |       |       |       |    26 |   338 |       |       |    78 ||   442
